Map: Catalyst LE

Players

Namshar

  • Race: Zerg Zerg
  • League: Grandmaster
  • Spawn Location: 11:00

ShoWTimE - Winner!

  • Race: Protoss Protoss
  • League: Grandmaster
  • Spawn Location: 5:00

Event: HomeStory Cup XVI

VOD

Have the link to the VOD?

Description

Time

  • Played on: Nov. 11, 2017, 9 a.m.
  • Length: 14:08

All games in this series

Show
View Real Time Build Order
Export as new Build Order

Namshar Zerg 

Build Orders: Hatch First 

Get SALT Encoding   

  12  0:01  Drone  
  13  0:12  Overlord  
  13  0:17  Drone  
  14  0:30  Drone x2  
  16  0:48  Hatchery  
  15  0:51  Drone  
  15  0:55  Drone  
  17  0:58  Drone  
  18  1:09  Extractor  
  17  1:14  Spawning Pool  
  17  1:18  Drone  
  17  1:21  Drone  
  18  1:27  Drone  
  19  1:38  Overlord  
  19  1:50  Drone  
  20  2:01  Queen x2, Zergling x2  
  22  2:02  Zergling x2  
  26  2:10  Drone  
  26  2:11  Metabolic Boost  
  26  2:14  Drone  
  28  2:21  Drone x2  
  30  2:33  Drone x2  
  32  2:44  Hatchery  
  32  2:48  Pneumatized Carapace  
  31  2:53  Overlord  
  31  2:58  Drone x2  
  32  3:03  Drone  
  34  3:06  Queen  
  36  3:13  Drone x2  
  36  3:14  Drone  
  36  3:16  Drone  
  40  3:21  Overlord  
  40  3:24  Drone  
  40  3:25  Drone  
  40  3:26  Drone  
  43  3:36  Overlord  
  43  3:38  Drone  
  45  3:41  Drone x2  
  45  3:44  Spore Crawler  
  45  3:45  Overlord  
  45  3:46  Spore Crawler  
  44  3:54  Overlord  
  44  3:55  Queen  
  44  3:56  Drone  
  44  3:59  Evolution Chamber  
  46  4:03  Queen  
  46  4:09  Drone  
  49  4:10  Drone x3  
  49  4:13  Drone x2  
  54  4:19  Overlord, Drone  
  54  4:20  Zergling x4  
  56  4:24  Spore Crawler  
  56  4:25  Drone  
  56  4:27  Drone  
  56  4:31  Zerg Melee Weapons Level 1  
  57  4:34  Drone x2  
  57  4:36  Overlord  
  59  4:44  Drone  
  59  4:45  Drone x3  
  63  4:50  Lair  
  63  4:55  Drone  
  63  4:56  Drone  
  63  4:57  Drone x4  
  68  5:00  Baneling Nest  
  68  5:01  Extractor  
  68  5:04  Extractor, Drone x3  
  68  5:11  Drone x5  
  73  5:22  Overlord x2  
  73  5:28  Overlord  
  73  5:30  Extractor  
  73  5:33  Drone  
  73  5:34  Drone x2  
  73  5:35  Queen  
  76  5:40  Extractor  
  76  5:41  Drone  
  76  5:42  Drone  
  78  5:43  Drone  
  78  5:46  Drone  
  78  5:47  Extractor, Centrifical Hooks  
  78  5:48  Drone x3  
  78  5:49  Drone  
  83  5:50  Zergling x2  
  83  5:55  Hatchery  
  83  5:59  Overlord  
  83  6:02  Hydralisk Den, Zergling x12  
  88  6:04  Baneling x5  
  88  6:07  Queen  
  90  6:14  Queen  
  92  6:20  Baneling x2  
  92  6:25  Zergling x20  
  98  6:31  Overlord  
  98  6:32  Overlord  
  102  6:33  Muscular Augments  
  102  6:35  Zerg Melee Weapons Level 2  
  102  6:43  Zergling x4  
  102  6:45  Baneling  
  94  6:55  Zergling x10  
  94  7:01  Zergling x4  
  93  7:02  Baneling x3  
  93  7:03  Baneling  
  93  7:05  Drone  
  93  7:06  Drone x6  
  100  7:09  Hydralisk x4  
  100  7:11  Baneling x2  
  108  7:16  Hydralisk  
  108  7:17  Hydralisk  
  108  7:24  Hydralisk, Zergling x2  
  108  7:25  Zergling x4  
  106  7:30  Hydralisk, Zergling x2  
  106  7:33  Baneling, Hydralisk  
  106  7:34  Baneling  
  109  7:38  Hydralisk  
  109  7:39  Zergling x16  
  116  7:46  Hydralisk, Zergling x4  
  116  7:49  Baneling  
  116  7:50  Baneling x5, Hydralisk  
  116  7:51  Hydralisk  
  110  8:16  Overlord x3  
  110  8:17  Hydralisk, Hatchery  
  110  8:18  Hydralisk x4  
  119  8:20  Queen  
  119  8:23  Baneling x4  
  121  8:28  Overlord x3  
  121  8:29  Overlord  
  121  8:47  Hatchery  
  120  8:52  Hydralisk x3  
  120  8:53  Zergling x16  
  133  8:58  Zergling x2  
  134  9:05  Hatchery  
  134  9:09  Baneling x2  
  133  9:10  Zergling x18  
  133  9:16  Baneling  
  142  9:17  Baneling x7  
  142  9:18  Baneling  
  142  9:24  Zergling x2  
  142  9:25  Zergling x4  
  142  9:31  Hydralisk x2  
  138  9:32  Zergling x10  
  138  9:37  Hydralisk  
  138  9:38  Zergling x10  
  122  9:46  Hydralisk x3  
  126  9:57  Baneling x8  
  126  9:59  Baneling x3  
  126  10:03  Hydralisk, Zergling x2  
  126  10:04  Zergling x12  
  133  10:11  Baneling x6  
  133  10:13  Zerg Missile Weapons Level 1  
  133  10:14  Hydralisk, Zergling x2  
  132  10:15  Zergling x6  
  132  10:20  Drone x2  
  138  10:22  Drone  
  136  10:33  Zergling x2  
  136  10:34  Zergling x24  
  149  10:39  Drone  
  149  10:41  Infestation Pit  
  149  10:42  Baneling x3  
  149  10:43  Baneling x2  
  149  10:47  Hydralisk x2  
  149  10:48  Zergling x16  
  161  10:52  Baneling  
  161  10:55  Hydralisk  
  161  10:56  Zergling x10  
  166  11:12  Hydralisk x8  
  177  11:19  Hydralisk x2  
  177  11:20  Zergling x6  
  176  11:29  Hydralisk  
  176  11:30  Zergling x16  
  176  11:32  Hydralisk  
  136  11:49  Hydralisk x2  
  136  11:50  Zergling x18  
  142  12:03  Hydralisk x3, Zergling x2  
  142  12:04  Zergling x22  
  156  12:09  Queen  
  156  12:12  Drone  
  159  12:17  Queen  
  159  12:21  Zergling x18  
  170  12:28  Baneling x6  
  170  12:29  Baneling x4  
  170  12:30  Overlord  
  170  12:31  Overseer  
  170  12:42  Baneling x6  
  170  12:48  Baneling  
  170  12:49  Baneling x8  
  170  12:52  Baneling x7  
  170  12:54  Hydralisk, Hatchery  
  170  12:55  Zergling x2  
  169  13:05  Hydralisk  
  169  13:06  Zergling x6  
  169  13:07  Zergling x10  
  169  13:12  Hydralisk, Zergling x2  
  166  13:13  Zergling x10  
  166  13:16  Hydralisk, Zergling x2  
  166  13:17  Zergling x2  
  152  13:20  Baneling x2  
  152  13:30  Hydralisk, Zergling x2  
  152  13:31  Zergling x18  
  148  13:45  Zergling x8  
  148  13:46  Baneling x6  
  148  13:47  Baneling x3  
Show
View Real Time Build Order
Export as new Build Order

ShoWTimE Protoss - Winner!

Build Orders: 1 Gate Expand, Oracle Opening, Phoenix Opening, Archon Immortal, Zealot Archon, Archon Drop 

Get SALT Encoding   

  1  0:00  Probe (Chrono Boost)  
  12  0:04  Probe (Chrono Boost)  
  14  0:17  Pylon  
  14  0:23  Probe (Chrono Boost)  
  16  0:37  Probe (Chrono Boost)  
  16  0:38  Gateway  
  16  0:44  Assimilator  
  16  0:49  Probe (Chrono Boost)  
  17  0:58  Probe (Chrono Boost)  
  18  1:04  Probe (Chrono Boost)  
  19  1:15  Probe (Chrono Boost)  
  20  1:26  Nexus  
  20  1:37  Cybernetics Core  
  21  1:41  Probe (Chrono Boost)  
  21  1:44  Assimilator  
  21  1:53  Probe (Chrono Boost), Pylon  
  22  2:03  Adept  
  22  2:05  Probe (Chrono Boost)  
  25  2:17  Probe (Chrono Boost)  
  25  2:21  Stargate  
  26  2:29  Probe (Chrono Boost)  
  27  2:30  Warp Gate  
  27  2:36  Adept  
  29  2:40  Probe (Chrono Boost)  
  29  2:41  Probe (Chrono Boost)  
  32  2:52  Probe (Chrono Boost)  
  32  2:53  Probe (Chrono Boost)  
  32  2:55  Phoenix  
  33  3:04  Probe (Chrono Boost)  
  37  3:05  Probe (Chrono Boost)  
  37  3:10  Oracle, Pylon  
  37  3:16  Probe (Chrono Boost)  
  37  3:18  Probe (Chrono Boost)  
  42  3:29  Gateway, Probe (Chrono Boost)  
  42  3:30  Probe (Chrono Boost)  
  42  3:32  Assimilator  
  44  3:35  Assimilator  
  44  3:41  Probe (Chrono Boost)  
  46  3:42  Probe (Chrono Boost)  
  46  3:45  Pylon  
  46  3:53  Probe (Chrono Boost)  
  46  3:54  Probe (Chrono Boost)  
  51  4:00  Pylon  
  48  4:04  Twilight Council  
  48  4:05  Probe (Chrono Boost)  
  48  4:06  Forge, Probe (Chrono Boost)  
  52  4:17  Probe (Chrono Boost)  
  52  4:18  Probe (Chrono Boost), Robotics Facility  
  52  4:30  Charge, Probe (Chrono Boost)  
  53  4:34  Protoss Ground Weapons Level 1  
  53  4:35  Gateway  
  53  4:36  Gateway  
  53  4:37  Adept  
  53  4:38  Adept  
  57  4:49  Probe (Chrono Boost)  
  58  4:59  Warp Prism  
  58  5:01  Nexus  
  58  5:03  Pylon  
  60  5:16  Templar Archives  
  60  5:22  Shield Battery x2  
  60  5:32  Gateway  
  60  5:35  Gateway  
  60  5:38  Gateway  
  60  5:41  Gateway  
  60  5:46  Probe x2 (Chrono Boost)  
  60  5:48  Pylon  
  62  5:53  High Templar x3, Probe (Chrono Boost)  
  62  5:54  Probe (Chrono Boost)  
  62  5:55  High Templar  
  70  5:58  Archon  
  70  5:59  Archon  
  70  6:02  Probe (Chrono Boost)  
  73  6:04  Probe (Chrono Boost)  
  73  6:09  Pylon  
  74  6:14  Probe (Chrono Boost)  
  74  6:16  Probe x2 (Chrono Boost)  
  77  6:23  Probe (Chrono Boost)  
  77  6:24  Probe (Chrono Boost)  
  78  6:29  Zealot x5, Probe (Chrono Boost)  
  78  6:30  Probe (Chrono Boost)  
  78  6:31  Probe (Chrono Boost)  
  78  6:32  Zealot  
  92  6:34  Protoss Ground Weapons Level 2  
  92  6:38  Zealot  
  97  6:41  Probe (Chrono Boost)  
  97  6:42  Probe (Chrono Boost)  
  99  6:47  Probe (Chrono Boost)  
  99  6:48  Pylon  
  99  6:53  Probe (Chrono Boost)  
  94  7:00  Probe (Chrono Boost)  
  87  7:05  Pylon  
  87  7:09  Zealot x4  
  87  7:10  Zealot x3  
  87  7:12  Zealot  
  105  7:16  Probe (Chrono Boost)  
  105  7:17  Observer, Probe x2 (Chrono Boost)  
  105  7:18  Psionic Storm  
  103  7:23  Assimilator  
  103  7:25  Assimilator  
  95  7:31  Zealot x3  
  95  7:32  Zealot x2  
  95  7:34  Zealot  
  95  7:35  Zealot  
  105  7:46  Zealot  
  105  7:52  Zealot x5  
  115  7:58  Immortal  
  95  8:13  High Templar x8  
  95  8:17  Archon x2  
  111  8:22  Nexus  
  111  8:25  Pylon  
  111  8:27  Pylon  
  111  8:31  Protoss Ground Weapons Level 3  
  111  8:38  Immortal  
  115  8:43  Shield Battery  
  115  8:45  Photon Cannon, Zealot x2  
  115  8:47  Pylon  
  119  8:51  Shield Battery  
  119  8:54  High Templar x2  
  123  8:58  Photon Cannon  
  123  8:59  Photon Cannon  
  123  9:01  Shield Battery  
  123  9:02  Robotics Facility  
  123  9:07  Probe (Chrono Boost)  
  123  9:08  Probe x2 (Chrono Boost)  
  126  9:15  Sentry x2  
  130  9:17  Immortal  
  130  9:19  Zealot x2  
  130  9:24  Probe x2 (Chrono Boost)  
  134  9:32  Zealot x3  
  134  9:45  Zealot x5  
  128  9:49  Probe x2 (Chrono Boost)  
  128  9:50  Probe (Chrono Boost)  
  131  9:52  Shield Battery  
  131  9:55  Immortal, Shield Battery  
  131  9:56  Photon Cannon  
  131  9:57  Immortal  
  139  10:10  High Templar x4  
  143  10:14  Archon x2, Shield Battery  
  143  10:16  Shield Battery  
  143  10:28  High Templar  
  141  10:30  Assimilator  
  141  10:34  Assimilator  
  141  10:35  Zealot x3, Immortal  
  143  10:36  Immortal  
  143  10:40  Photon Cannon  
  153  10:44  Zealot  
  153  10:48  Pylon  
  155  10:50  Pylon  
  155  10:51  Pylon  
  155  10:56  Pylon  
  155  11:08  Zealot x5  
  155  11:09  Zealot x2  
  169  11:12  Zealot  
  169  11:14  Immortal  
  169  11:15  Immortal  
  163  11:32  Zealot x8  
  165  11:37  Shield Battery  
  159  11:40  Photon Cannon  
  155  11:53  Immortal  
  159  11:59  High Templar x2  
  159  12:00  High Templar x6, Protoss Shields Level 1  
  173  12:03  Observer  
  173  12:05  Archon x3  
  173  12:06  Archon  
  160  12:08  Nexus  
  160  12:10  Photon Cannon, Pylon  
  160  12:12  Photon Cannon  
  160  12:15  Photon Cannon  
  160  12:34  High Templar x4  
  160  12:35  High Templar, Zealot x3  
  176  12:38  Warp Prism  
  176  12:40  Archon x2  
  178  12:53  Photon Cannon  
  178  12:55  Photon Cannon  
  178  12:57  Zealot x3  
  184  13:06  Zealot x2  
  184  13:07  Zealot x3  
  190  13:19  Immortal x2  
  182  13:27  High Templar  
  182  13:28  High Templar x6  
  182  13:30  Photon Cannon  
  182  13:32  Archon  
  182  13:33  High Templar, Archon x2  
  194  13:38  Photon Cannon, Archon  
  176  14:02  Zealot x7  
Tags
 
Add a new tag
Caveats
  • Supply blocks, unpowered buildings, or Contaminate may cause inaccurate times.
  • Supply counts are checked every 10 seconds.